 Dungeon Sprint DCSS version 0.31.0-9-g3a7656b989 (webtiles) character file.

Game seed: 17090299394861798434

11587 Heoruswealwe the Phalangite (level 11, -4/117 HPs)
             Began as a Minotaur Fighter on Jan 31, 2024.
             Was an Initiate of Gozag.
             Slain by an orc knight
             ... wielding a +0 broad axe
              (20 damage)
             ... in the Dungeon (Sprint IX: "|||||||||||||||||||||||||||||").
             The game lasted 00:12:18 (1850 turns).

Heoruswealwe the Phalangite (Minotaur Fighter)      Turns: 1850, Time: 00:12:19

Health: -4/117     AC: 27    Str: 26    XL:     11   Next: 51%
Magic:  10/10      EV: 10    Int:  5    God:    Gozag
Gold:   6477       SH:  0    Dex:  9    Spells: 10/10 levels left

rFire   . . .        b - +2 halberd (venom)
rCold   . . .        (shield currently unavailable)
rNeg    . . .        c - +2 plate armour {Will+}
rPois   .            (helmet restricted)
rElec   .            h - +0 cloak
rCorr   .            f - +0 pair of gloves
SInv    .            e - +0 pair of boots
Will    +....        (no amulet) Stlth
                     k - +2 ring of protection
HPRegen 0.39/turn    j - +2 ring of evasion
MPRegen 0.12/turn

%: no teleportation
@: mighty
A: horns 2, retaliatory headbutt
a: Renounce Religion, Potion Petition, Call Merchant, Bribe Branch


You were in the Dungeon.
You worshipped Gozag.
Gozag was greatly pleased with you.
You visited 1 branch You collected 6477 gold pieces.

Inventory:

Hand Weapons
 a - a +3 trident of flaming
 b - a +2 halberd of venom (weapon)
Armour
 c - a +2 plate armour of willpower (worn)
 d - a +0 buckler
 e - a +0 pair of boots (worn)
 f - a +0 pair of gloves (worn)
 h - a +0 cloak (worn)
Jewellery
 j - a +2 ring of evasion (right hand)
 k - a +2 ring of protection (left hand)
Wands
 l - a wand of quicksilver (10)
Scrolls
 o - a scroll of blinking
 q - a scroll of identify
 r - 4 scrolls of enchant weapon
 s - 2 scrolls of enchant armour
Potions
 i - a potion of berserk rage
 m - a potion of resistance
 n - 2 potions of might


   Skills:
 + Level 17.5 Fighting
 * Level 23.5 Polearms
 + Level 17.5 Armour
 - Level 3.6 Shields


You had 10 spell levels left.
You didn't know any spells.
Your spell library was empty.

Dungeon Overview and Level Annotations

Branches:
Dungeon (1/1)

Altars:
Cheibriados
Dithmenos
Elyvilon
Fedhas
Gozag
Hepliaklqana
Kikubaaqudgha
Makhleb
Nemelex Xobeh
Okawaru
Qazlal
Ru
Sif Muna
Trog
Uskayaw
Vehumet
Wu Jian
Xom
Yredelemnul
Zin
The Shining One
Jiyva
Lugonu

Shops:
D :


Innate Abilities, Weirdness & Mutations

You have a pair of horns on your head.
You reflexively headbutt those who attack you in melee.


Message History

The orc knight hits you with a +0 war axe.
* * * LOW HITPOINT WARNING * * *
You slice the orc knight!!
The orc knight looks as sick as possible!
You headbutt the orc knight!
The orc knight is moderately wounded.
You hit the orc knight but do no damage.
The orc knight is heavily wounded.
The orc knight hits you but does no damage.
You hit the orc knight but do no damage.
The orc knight looks as sick as possible!
Your headbutt misses the orc knight.
The orc knight is heavily wounded.
The orc knight barely misses you.
You puncture the orc knight!
The orc knight looks as sick as possible!
Your headbutt misses the orc knight.
The orc knight is severely wounded.
The orc knight closely misses you.
The orc knight unwields a +0 war axe.
The orc knight wields a +0 arbalest.
The orc knight shoots a bolt.
The bolt barely misses you.
The orc knight roars a battlecry!
The orc knight goes into a battle-frenzy!
The orc knight roars a battlecry!
The orc knight goes into a battle-frenzy!
Okay, then.
You feel very mighty all of a sudden.
The orc knight roars a battlecry!
You slice the orc knight!!
The orc knight is poisoned.
You headbutt the orc knight.
The orc knight is moderately wounded.
The orc knight hits you but does no damage.
You barely miss the orc knight.
You headbutt the orc knight, but do no damage.
The orc knight is moderately wounded.
You barely miss the orc knight. You headbutt the orc knight!
The orc knight is heavily wounded.
The orc knight hits you with a +0 broad axe!!
You die...
Your body crumbles into a pile of gold.

▓.▓.▓.▓.▓.▓
▓.▓.▓.▓.▓†▓
▓.▓.▓!▓.▓.▓
▓.▓.▓.▓.▓.▓
▓.▓.▓'▓.▓.▓
▓.▓.▓.▓.▓.▓
▓.▓.▓.▓.▓)▓
▓.▓.▓.▓.▓†▓
▓.▓@▓.▓.▓.▓
▓.▓o▓.▓.▓.▓
▓.▓o▓.▓.▓.▓
▓o.o▓...▓<▓
▓▓▓▓▓▓▓▓▓▓▓


You could see 3 orc knights.

Vanquished Creatures
  A dire elephant (D)
  A centaur warrior (D)
  5 orc knights (D)
  8 elephants (D)
  5 cane toads (D)
  A rime drake (D)
  An unseen horror (D)
  A komodo dragon (D)
  A polar bear (D)
  4 yaks (D)
  A basilisk (D)
  A vampire mosquito (D)
  3 water moccasins (D)
  A laughing skull (D)
  11 orc warriors (D)
  2 centaurs (D)
  2 gnoll sergeants (D)
  2 bullfrogs (D)
  A killer bee (D)
  A bombardier beetle (D)
  5 orc priests (D)
  A hound (D)
  6 orc wizards (D)
  An iguana (D)
  An ufetubus (D)
  3 orcs (D)
  2 hobgoblins (D)
  A quokka (D)
  A goblin (D)
  2 rats (D)
76 creatures vanquished.

Notes
Turn   | Place    | Note
-------+----------+-------------------------------------------
     0 | D        | Heoruswealwe the Minotaur Fighter began the quest for the
                  | Orb.
     0 | D        | Reached XP level 1. HP: 19/19 MP: 0/0
    11 | D        | Reached skill level 3 in Polearms
    22 | D        | Noticed a bombardier beetle
    22 | D        | Noticed an iguana
    22 | D        | Noticed a hound
    25 | D        | Killed a hound
    26 | D        | Reached skill level 5 in Fighting
    26 | D        | Reached skill level 5 in Polearms
    26 | D        | Reached skill level 5 in Armour
    26 | D        | Reached XP level 2. HP: 23/29 MP: 1/1
    26 | D        | Reached XP level 3. HP: 29/36 MP: 2/2
    33 | D        | Reached skill level 6 in Polearms
    34 | D        | Reached skill level 7 in Polearms
    38 | D        | Reached XP level 4. HP: 18/45 MP: 3/3
    44 | D        | Found a snail-covered altar of Cheibriados.
    44 | D        | Found a shadowy altar of Dithmenos.
    44 | D        | Found a white marble altar of Elyvilon.
    44 | D        | Found a blossoming altar of Fedhas.
    44 | D        | Found an opulent altar of Gozag.
    45 | D        | Found a hazy altar of Hepliaklqana.
    46 | D        | Found a viscous altar of Jiyva.
    47 | D        | Found an ancient bone altar of Kikubaaqudgha.
    48 | D        | Found a corrupted altar of Lugonu.
    49 | D        | Found a burning altar of Makhleb.
    50 | D        | Found a sparkling altar of Nemelex Xobeh.
    51 | D        | Found an iron altar of Okawaru.
    52 | D        | Became a worshipper of Gozag Ym Sagoz the Greedy
    53 | D        | Found a stormy altar of Qazlal.
    54 | D        | Found a sacrificial altar of Ru.
    55 | D        | Found a shimmering blue altar of Sif Muna.
    56 | D        | Found a bloodstained altar of Trog.
    57 | D        | Found a hide-covered altar of Uskayaw.
    58 | D        | Found a radiant altar of Vehumet.
    59 | D        | Found an ornate altar of the Wu Jian Council.
    60 | D        | Found a shimmering altar of Xom.
    61 | D        | Found a basalt altar of Yredelemnul.
    62 | D        | Found a glowing silver altar of Zin.
    63 | D        | Found a glowing golden altar of the Shining One.
   164 | D        | Noticed a gnoll sergeant
   164 | D        | Noticed a yak
   164 | D        | Noticed an orc warrior
   164 | D        | Noticed a gnoll sergeant
   168 | D        | Reached skill level 8 in Polearms
   168 | D        | Reached XP level 5. HP: 32/52 MP: 4/4
   174 | D        | Reached skill level 10 in Polearms
   184 | D        | Killed an orc warrior
   185 | D        | Reached skill level 11 in Polearms
   185 | D        | Reached XP level 6. HP: 19/62 MP: 5/5
   191 | D        | Killed a yak
   192 | D        | Reached skill level 12 in Polearms
   201 | D        | Reached XP level 7. HP: 14/71 MP: 6/6
   384 | D        | Noticed a vampire mosquito
   384 | D        | Noticed a centaur warrior
   390 | D        | Killed a centaur warrior
   391 | D        | Reached skill level 15 in Polearms
   391 | D        | Reached XP level 8. HP: 62/82 MP: 7/7
   399 | D        | Reached skill level 16 in Polearms
   473 | D        | Killed an unseen horror
   599 | D        | Noticed a cane toad
   599 | D        | Noticed a cane toad
   599 | D        | Noticed a polar bear
   606 | D        | Killed a polar bear
   607 | D        | Reached XP level 9. HP: 76/92 MP: 8/8
   609 | D        | Killed a cane toad
   610 | D        | Reached skill level 17 in Polearms
   610 | D        | Noticed a komodo dragon
   613 | D        | Noticed a cane toad
   616 | D        | Killed a cane toad
   621 | D        | Reached skill level 18 in Polearms
   629 | D        | Killed a komodo dragon
   635 | D        | Killed a cane toad
   751 | D        | Noticed a cane toad
   751 | D        | Noticed a cane toad
   756 | D        | Reached skill level 19 in Polearms
   756 | D        | Noticed an elephant
   758 | D        | Killed a cane toad
   759 | D        | Reached XP level 10. HP: 80/104 MP: 9/9
   768 | D        | Killed a cane toad
   780 | D        | Reached skill level 20 in Polearms
   784 | D        | Killed an elephant
   785 | D        | Reached skill level 15 in Fighting
   785 | D        | Reached skill level 15 in Armour
   966 | D        | Noticed an elephant
   966 | D        | Noticed an elephant
   966 | D        | Noticed an elephant
   966 | D        | Noticed an elephant
   966 | D        | Noticed an elephant
   966 | D        | Noticed an elephant
   966 | D        | Noticed an elephant
   969 | D        | Noticed a dire elephant
   970 | D        | Killed an elephant
   978 | D        | Killed an elephant
   982 | D        | Killed an elephant
   983 | D        | Reached skill level 21 in Polearms
   991 | D        | Killed a dire elephant
   995 | D        | Killed an elephant
   999 | D        | Killed an elephant
  1005 | D        | Killed an elephant
  1006 | D        | Reached XP level 11. HP: 42/115 MP: 10/10
  1016 | D        | Reached skill level 22 in Polearms
  1401 | D        | Noticed an orc knight
  1417 | D        | Killed an orc knight
  1606 | D        | Noticed an orc knight
  1624 | D        | Killed an orc knight
  1625 | D        | Reached skill level 23 in Polearms
  1739 | D        | Found Xofoats's Book Boutique.
  1739 | D        | Noticed an orc knight
  1739 | D        | Noticed an orc knight
  1739 | D        | Noticed an orc knight
  1739 | D        | Noticed an orc knight
  1740 | D        | Noticed an orc knight
  1743 | D        | Noticed an orc knight
  1750 | D        | Killed an orc knight
  1761 | D        | Noticed an orc knight
  1765 | D        | Killed an orc knight
  1772 | D        | Killed an orc knight
  1787 | D        | HP: 1/117 [orc knight/bolt (16)]
  1850 | D        | Slain by an orc knight

Illustrated notes

Levels and vault maps discovered:
D:        linesprint [early_d, line_temple, items_1, d_10, items_2, lair_1,
          lair_end, items_3, orc_1, orc_end, items_4, d_15, swamp_1, shoals_1,
          snake_1, spider_1, d_20, vaults_1, items_5, swamp_end, shoals_end,
          snake_end, spider_end, vaults_end, d_27, items_6, zot_1, zot_end,
          crypt_end, forest_end, elf_end, slime_end, tomb_end, abyss_end,
          pan_hell_end]

Skill      XL: |  1  2  3  4  5  6  7  8  9 10 11 |
---------------+----------------------------------+-----
Polearms       | 5 7 8 11 12 15 16 19 21 23 | 23.5
Fighting       | 5 6 7 8 9 11 12 14 16 17 | 17.5
Armour         | 5 6 7 8 9 11 12 14 16 17 | 17.5
Shields        | |  3.6

Action                     |  1- 3 |  4- 6 |  7- 9 | 10-12 || total
---------------------------+-------+-------+-------+-------++-------
  Melee: Trident           |    26 |       |       |       ||    26
         Headbutt          |     5 |     5 |    14 |    51 ||    75
         Halberd           |       |    22 |    66 |   176 ||   264
    Use: Potion            |     1 |     4 |     1 |     9 ||    15
         Scroll            |       |       |       |     2 ||     2
 Armour: Scale mail        |    23 |       |       |       ||    23
         Chain mail        |       |    25 |    50 |    47 ||   122
         Plate armour      |       |       |       |    40 ||    40
  Dodge: Dodged            |    11 |     8 |    18 |    46 ||    83
  Block: Buckler           |     5 |       |       |       ||     5
